 Dungeon Sprint DCSS version 0.19.5 (webtiles) character file.

2247 JeffiDaFish the Cleaver (level 9, -6/89 HPs)
             Began as a Minotaur Fighter on Dec 9, 2017.
             Killed from afar by a hell hog (44 damage)
             ... with a fireball
             ... in the Dungeon (Sprint V: "Ziggurat Sprint").
             The game lasted 00:03:39 (617 turns).

JeffiDaFish the Cleaver (Minotaur Fighter)           Turns: 617, Time: 00:03:39

Health: -6/89      AC: 22    Str: 21    XL:     9   Next: 15%
Magic:  8/8        EV:  5    Int:  5    God:
Gold:   0          SH: 35    Dex: 25    Spells: 0 memorised, 8 levels left

rFire  . . .     SeeInvis +     a - +14 obsidian axe {chop, +Fly SInv *Curse} (curse)
rCold  . . .     Gourm    .     m - +5 shadow dragon scales
rNeg   + . .     Faith    .     b - +18 shield of the Gong {rElec rN+ MR+ EV-5}
rPois  .         Spirit   .     (helmet restricted)
rElec  +         Reflect  +     E - +1 cloak {+Inv}
rCorr  .         Harm     .     (no gloves)
MR     +....     NoTele   +     (no boots)
Stlth  ++++......               c - +3 amulet of reflection
                                C - +6 ring of dexterity
                                B - +6 ring of dexterity

@: mesmerised
A: retaliatory headbutt, horns 2
a: Evoke Invisibility, Evoke Flight


You were in the Dungeon.
You were not hungry.

You visited 1 branch

Inventory:

Hand Weapons
 a - the cursed +14 obsidian axe (weapon) {chop, +Fly SInv *Curse}
   (You found it in the Dungeon)

   It inflicts extra damage upon your enemies.
   It lets you see invisible.
   It lets you fly.
   It may re-curse itself when equipped.
   It has a curse placed upon it.
Armour
 b - the +18 shield of the Gong (worn) {rElec rN+ MR+ EV-5}
   (You found it in the Dungeon)

   It affects your evasion (-5).
   It insulates you from electricity.
   It protects you from negative energy.
   It affects your resistance to hostile enchantments.
 l - a +5 crystal plate armour
 m - +5 shadow dragon scales (worn)
 E - a +1 cloak of invisibility (worn)
Jewellery
 c - a +3 amulet of reflection (around neck)
 B - a +6 ring of dexterity (left hand)
 C - a +6 ring of dexterity (right hand)
 G - a +6 ring of strength
Scrolls
 k - 4 scrolls of blinking
 s - 4 scrolls of amnesia
 t - 3 scrolls of recharging
 u - 7 scrolls of fog
 v - a scroll of holy word
 w - 5 scrolls of identify
 x - 5 scrolls of remove curse
 y - 2 scrolls of fear
Potions
 d - 6 potions of might
 e - 10 potions of curing
 g - 9 potions of heal wounds
 h - 6 potions of haste
 i - 7 potions of magic
 j - 3 potions of berserk rage
 n - 2 potions of brilliance
 o - 2 potions of invisibility
 p - 4 potions of resistance
 q - a potion of experience
 r - 5 potions of agility
Comestibles
 f - 5 bread rations
 z - 42 fruits
 A - 4 meat rations


   Skills:
 + Level 11.2 Fighting
 + Level 13.4 Axes
 + Level 11.5 Armour
 + Level 2.9 Dodging
 + Level 2.2 Stealth
 + Level 13.2 Shields


You had 8 spell levels left.
You didn't know any spells.

Dungeon Overview and Level Annotations

Branches:
Dungeon (1/1)

Altars:
Ashenzari
Cheibriados
Dithmenos
Elyvilon
Fedhas
Gozag
Hepliaklqana
Kikubaaqudgha
Makhleb
Nemelex Xobeh
Okawaru
Qazlal
Ru
Sif Muna
Trog
Uskayaw
Vehumet
Xom
Yredelemnul
Zin
The Shining One
Beogh
Jiyva
Lugonu


Innate Abilities, Weirdness & Mutations

You reflexively headbutt those who attack you in melee.
You have a pair of horns on your head.


Message History

You block the fire elemental's attack.
GONNNNG!
The hell hog bites you but does no damage.
You slash the hell hog!
You kill the hell hog!
Your Fighting skill increases to level 11!
Your Axes skill increases to level 13!
Your Stealth skill increases to level 2!
Your Shields skill increases to level 13!
You have reached level 9!
Your experience leads to an increase in your attributes!
Your base attributes are Str 21, Int 5, Dex 12.
Increase (S)trength, (I)ntelligence, or (D)exterity?
You feel agile.
You slice the fire elemental!! You slash the hell hog!
Visions of slaying the fire elemental flood into your mind.
Your smoke demon misses the hell hog.
Your smoke demon hits the hell hog. x2
The hell hog breathes fire at you.
The fireball explodes!
The fireball engulfs you!
You die...

▓..[}=..▓
▓..?))..▓
▓.......▓
▓.......▓
▓....§..▓
...§§..
▓.▓Eh†▓.▓
▓..†@3..▓
▓▓▓▓▓▓▓▓▓


You could see a hell hog, a fire elemental and a friendly smoke demon.

Vanquished Creatures
  A hell hog (D)
  5 merfolk (D)
  A yak (D)
  2 hell hounds (D)
  3 quasits (D)
  An iron imp (D)
  A mummy (D)
  A river rat (D)
  2 white imps (D)
  A jackal (D)
  A leopard gecko zombie (D)
  A quokka zombie (D)
  A fire vortex (D)
21 creatures vanquished.

Vanquished Creatures (collateral kills)
  A hell hound (D)
1 creature vanquished.

Grand Total: 22 creatures vanquished

Notes
Turn   | Place    | Note
-------+----------+-------------------------------------------
     0 | D        | JeffiDaFish the Minotaur Fighter began the quest for the Orb.
     0 | D        | Reached XP level 1. HP: 19/19 MP: 0/0
    15 | D        | Found a blossoming altar of Fedhas.
    16 | D        | Found a viscous altar of Jiyva.
    16 | D        | Found a hazy altar of Hepliaklqana.
    16 | D        | Found an opulent altar of Gozag.
    16 | D        | Found an ancient bone altar of Kikubaaqudgha.
    16 | D        | Found a corrupted altar of Lugonu.
    23 | D        | Found a burning altar of Makhleb.
    24 | D        | Found a stormy altar of Qazlal.
    24 | D        | Found an iron altar of Okawaru.
    24 | D        | Found a sacrificial altar of Ru.
    24 | D        | Found a sparkling altar of Nemelex Xobeh.
    24 | D        | Found a deep blue altar of Sif Muna.
    24 | D        | Found a bloodstained altar of Trog.
   100 | D        | Entered arena 1.
   105 | D        | Reached XP level 2. HP: 28/28 MP: 1/1
   116 | D        | Entered arena 2.
   116 | D        | Noticed a yak
   122 | D        | Reached skill level 5 in Fighting
   122 | D        | Reached skill level 5 in Armour
   122 | D        | Reached skill level 5 in Shields
   124 | D        | Killed a yak
   124 | D        | Reached skill level 5 in Axes
   124 | D        | Reached XP level 3. HP: 29/39 MP: 2/2
   124 | D        | Reached XP level 4. HP: 35/47 MP: 3/3
   124 | D        | Reached XP level 5. HP: 39/52 MP: 4/4
   139 | D        | Entered arena 3.
   139 | D        | Noticed a hell hound
   145 | D        | Killed a hell hound
   145 | D        | Reached XP level 6. HP: 37/62 MP: 5/5
   269 | D        | Entered arena 4.
   280 | D        | Entered arena 5.
   280 | D        | Noticed a merfolk
   280 | D        | Noticed a merfolk
   280 | D        | Noticed a merfolk
   280 | D        | Noticed a merfolk
   280 | D        | Noticed a merfolk
   286 | D        | Killed a merfolk
   286 | D        | Reached skill level 1 in Dodging
   286 | D        | Reached skill level 10 in Shields
   286 | D        | Reached XP level 7. HP: 63/71 MP: 6/6
   288 | D        | Killed a merfolk
   288 | D        | Reached skill level 10 in Fighting
   288 | D        | Reached skill level 10 in Axes
   288 | D        | Reached skill level 10 in Armour
   296 | D        | Killed a merfolk
   296 | D        | Reached skill level 1 in Stealth
   296 | D        | Reached XP level 8. HP: 15/79 MP: 7/7
   299 | D        | Killed a merfolk
   301 | D        | Killed a merfolk
   609 | D        | Entered arena 6.
   609 | D        | Noticed a hell hog
   609 | D        | Noticed a hell hog
   617 | D        | Killed a hell hog
   617 | D        | Reached XP level 9. HP: 38/89 MP: 8/8
   617 | D        | Killed from afar by a hell hog

Skill      XL: |  1  2  3  4  5  6  7  8 |
---------------+-------------------------+-----
Fighting       | 4 7 8 9 10 11 | 11.2
Axes           | 3 5 7 9 11 13 | 13.4
Armour         | 4 7 8 9 10 11 | 11.5
Shields        | 4 7 8 10 11 13 | 13.2
Dodging        | 1 2 |  2.9
Stealth        | 1 2 |  2.2

Action                   |  1- 3 |  4- 6 |  7- 9 || total
-------------------------+-------+-------+-------++-------
Melee: Broad axe         |     9 |    12 |    21 ||    42
       Headbutt          |     3 |     3 |     4 ||    10
  Use: Potion            |       |       |     1 ||     1
 Stab: Distracted        |       |       |     1 ||     1
Armor: Shadow dragon sca |     1 |    13 |     5 ||    19
Dodge: Dodged            |       |     1 |     1 ||     2
Block: Shield            |    12 |    29 |    46 ||    87
